AoeStats
← Kamißon

Arena

508695018Analyzed
3v3 RM · 9d ago on Sep 23, 2026· 53m 57s· 6 players
Game mode
Random Map
Map size
Normal (6 player)
Population
200
Speed
Normal
Resources
Standard
Victory
Conquest
Starting age
Dark Age
Ending age
Imperial Age
RankedLock teamsTeams togetherTeam positionsShared explorationLock speedFull tech treeHidden civsTurbo modeCheats
Victory
Defeat
🇲🇽 Maya · Mexico
1005
+15
🇳🇴 Japanese · Norway
994
+15
🇲🇽 Portuguese · Mexico
949
+17
🇹🇷 Mongols · Türkiye
998
-16
🇹🇷 Franks · Türkiye
981
-16
🇹🇷 Lithuanians · Türkiye
948
-15
harald
0:37 Loom
11:40 Feudal Age
12:24 Double-Bit Axe
16:52 Castle Age
15:10 Horse Collar
18:24 Double-Bit Axe
18:43 Heavy Plow
21:08 Wheelbarrow
20:19 Town Watch
21:10 Fervor
23:59 Hand Cart
29:10 Imperial Age
29:25 Fletching
29:58 Ballistics
30:54 Chemistry
29:49 Pikeman
30:17 Gambesons
30:17 Arson
31:26 Crop Rotation
32:53 Conscription
31:58 Halberdier
33:42 Siege Engineers
35:30 Elite Skirmisher
36:16 Thumb Ring
37:16 Padded Archer Armor
37:27 Forging
37:19 Scale Mail Armor
37:14 Bodkin Arrow
39:24 Bombard Tower
38:47 Treadmill Crane
41:48 Arquebus
43:03 Leather Archer Armor
43:04 Chain Mail Armor
43:26 Iron Casting
50:35 Ring Archer Armor
50:35 Plate Mail Armor
51:06 Blast Furnace
50:06 Bracer
JANROD2944
0:32 Loom
11:46 Feudal Age
13:17 Double-Bit Axe
15:13 Wheelbarrow
19:28 Castle Age
18:24 Stone Mining
18:38 Gold Mining
19:54 Pikeman
20:36 Squires
20:01 Elite Skirmisher
23:22 Town Watch
25:37 Hul'che Javelineers
33:18 Imperial Age
31:44 Stone Shaft Mining
31:22 Treadmill Crane
31:41 Murder Holes
32:33 Horse Collar
34:02 Forging
33:52 Scale Mail Armor
34:42 Heavy Plow
35:06 Halberdier
37:43 Thumb Ring
39:25 Hand Cart
40:20 Arson
41:17 Town Patrol
41:13 Fletching
44:13 Iron Casting
43:39 Padded Archer Armor
43:18 Eagle Warrior
46:04 Ballistics
46:37 Caravan
46:13 Capped Ram
49:31 Elite Plumed Archer
51:22 Bow Saw
52:33 Holcans
53:21 Elite Eagle Warrior
espen25hansen
10:15 Feudal Age
11:26 Loom
14:54 Castle Age
13:12 Double-Bit Axe
13:58 Horse Collar
23:13 Wheelbarrow
25:01 Bow Saw
24:57 Heavy Plow
29:11 Imperial Age
26:50 Arson
27:06 Squires
27:20 Forging
27:10 Scale Mail Armor
27:42 Hand Cart
27:25 Gambesons
27:03 Pikeman
27:48 Scale Mail Armor
27:50 Gold Mining
28:48 Chain Mail Armor
29:08 Iron Casting
28:31 Town Watch
29:25 Gold Shaft Mining
29:19 Fletching
30:49 Conscription
31:16 Iron Casting
31:11 Plate Mail Armor
31:24 Bodkin Arrow
32:52 Blast Furnace
32:24 Murder Holes
33:08 Bracer
35:10 Chemistry
35:08 Ballistics
34:40 Halberdier
39:06 Two-Man Saw
38:15 Town Patrol
37:47 Elite Samurai
46:55 Stone Mining
elfce
1:02 Loom
11:47 Feudal Age
12:33 Double-Bit Axe
14:31 Man-at-Arms
17:57 Castle Age
15:50 Stone Mining
17:34 Scale Barding Armor
26:01 Forging
25:59 Gold Mining
26:46 Ballistics
26:56 Murder Holes
28:29 Wheelbarrow
28:49 Bow Saw
36:48 Imperial Age
35:18 Fortified Wall
35:12 Husbandry
34:33 Light Cavalry
38:39 Chemistry
38:48 Gold Shaft Mining
37:54 Man-at-Arms
38:00 Cavalier
38:52 Fletching
39:29 Pikeman
39:34 Man-at-Arms
42:04 Hand Cart
43:03 Long Swordsman
43:43 Heavy Mounted Crossbowman
47:28 Heavy Mounted Crossbowman
default
11:12 Feudal Age
14:52 Castle Age
13:02 Double-Bit Axe
14:06 Scale Barding Armor
15:16 Pikeman
15:56 Loom
21:23 Town Watch
22:12 Horse Collar
23:12 Fervor
25:17 Chain Barding Armor
25:08 Forging
25:37 Bow Saw
25:36 Husbandry
26:01 Heavy Plow
29:16 Bloodlines
30:44 Iron Casting
30:46 Wheelbarrow
31:14 Town Patrol
36:41 Elite Skirmisher
37:26 Thumb Ring
40:02 Imperial Age
41:28 Cavalier
46:41 Plate Barding Armor
46:33 Gold Mining
47:41 Conscription
48:57 Hand Cart
51:24 Ballistics
51:17 Masonry
51:17 Paladin
Kamißon
10:51 Feudal Age
11:59 Double-Bit Axe
12:58 Horse Collar
17:04 Castle Age
15:40 Fletching
16:35 Padded Archer Armor
16:57 Scale Barding Armor
17:04 Forging
18:56 Bow Saw
20:36 Heavy Plow
24:44 Wheelbarrow
26:16 Thumb Ring
28:31 Hand Cart
28:02 Loom
28:02 Town Watch
29:19 Ballistics
35:35 Imperial Age
34:25 Stone Mining
34:25 Gold Mining
34:43 Bodkin Arrow
35:03 Leather Archer Armor
36:16 Leather Archer Armor
36:37 Iron Casting
36:02 Scale Mail Armor
36:22 Chain Barding Armor
36:45 Elite Skirmisher
37:52 Bracer
40:42 Chemistry
39:38 Murder Holes
43:23 Blast Furnace
42:38 Chain Mail Armor
42:29 Heavy Cavalry Archer
43:35 Parthian Tactics
48:12 Town Patrol
48:49 Guard Tower
Connection lost

Rejoining the realm…

Still unreachable

The connection could not be restored.

Session expired

The server has moved on; the page needs a fresh start.